Map: [ESL] Stargazers

Players

milkicow - Winner!

  • Race: Terran Terran
  • Spawn Location: 1:00

NightPhoenix

  • Race: Protoss Protoss
  • Spawn Location: 11:00

Event: DreamHack SC2 Masters 2022 Atlanta (Online)

VOD

Have the link to the VOD?

Description

Time

  • Played on: Sept. 29, 2022, 1:48 p.m.
  • Length: 9:33

All games in this series

Show
View Real Time Build Order
Export as new Build Order

milkicow Terran - Winner!

Build Orders:  

Get SALT Encoding   

  12  0:00  SCV  
  13  0:12  SCV  
  14  0:17  Supply Depot  
  14  0:24  SCV  
  15  0:38  SCV  
  15  0:39  Barracks  
  16  0:43  Refinery  
  16  0:50  SCV  
  16  0:52  Refinery  
  17  1:02  SCV  
  18  1:15  SCV  
  19  1:26  Reaper  
  19  1:27  Orbital Command  
  19  1:28  Supply Depot  
  20  1:41  Factory  
  20  1:52  SCV  
  21  1:59  Barracks Reactor  
  21  2:04  SCV  
  22  2:16  SCV  
  22  2:18  Command Center  
  23  2:25  Hellion  
  25  2:33  Starport  
  25  2:36  Supply Depot  
  25  2:40  SCV, Marine  
  25  2:44  Marine  
  27  2:49  Widow Mine  
  30  2:52  SCV  
  31  3:01  Marine  
  31  3:02  Marine  
  31  3:04  SCV  
  34  3:17  SCV  
  32  3:27  Refinery, Factory Tech Lab  
  32  3:28  Viking x2  
  32  3:29  SCV  
  37  3:35  Orbital Command  
  37  3:41  SCV  
  38  3:46  Cyclone  
  38  3:47  Orbital Command  
  41  3:53  SCV  
  42  3:59  Viking  
  44  4:06  Viking  
  44  4:07  SCV  
  47  4:11  Supply Depot  
  47  4:13  SCV  
  48  4:19  SCV  
  49  4:27  SCV, Siege Tank  
  51  4:33  SCV  
  51  4:35  Viking  
  54  4:41  SCV  
  54  4:44  Viking  
  57  4:46  SCV  
  57  4:47  Supply Depot  
  57  4:51  Barracks Tech Lab  
  58  4:54  SCV  
  58  4:58  SCV  
  60  5:06  SCV, Siege Tank  
  62  5:10  Barracks x2, SCV  
  63  5:15  Supply Depot  
  63  5:18  SCV  
  64  5:22  SCV  
  64  5:24  Engineering Bay, Marine  
  64  5:26  Stimpack  
  66  5:31  SCV  
  67  5:37  Starport Tech Lab  
  67  5:38  SCV  
  67  5:39  Supply Depot  
  67  5:42  Siege Tank, Marine  
  72  5:47  SCV  
  68  5:52  SCV, Terran Infantry Weapons Level 1  
  68  5:55  Refinery  
  67  6:00  Barracks x2, Marine  
  68  6:05  SCV  
  68  6:06  Combat Shield, Marine  
  68  6:08  Starport Reactor  
  70  6:13  Marine  
  70  6:18  Marine  
  69  6:24  Marine  
  70  6:25  SCV  
  70  6:27  Marine  
  70  6:30  Siege Tank  
  75  6:36  Marauder  
  75  6:38  SCV, Marine  
  71  6:42  Marauder  
  71  6:43  SCV  
  67  6:50  Marine  
  69  6:55  Marine x2  
  69  6:56  Marine  
  69  6:58  Supply Depot, Marauder  
  69  6:59  Medivac  
  75  7:03  Marauder  
  75  7:08  Marine  
  77  7:12  Supply Depot  
  77  7:13  Medivac, Siege Tank, Marine x3  
  86  7:18  Concussive Shells  
  86  7:20  Marauder  
  88  7:23  Supply Depot  
  88  7:24  Marine  
  88  7:26  Marine  
  90  7:35  Marine  
  83  7:37  Marine  
  83  7:38  Marine  
  83  7:41  Marauder  
  83  7:43  Marauder  
  83  7:44  SCV, Marine  
  84  7:45  Siege Tank  
  84  7:48  SCV  
  87  7:53  Marine  
  87  7:55  Marine  
  87  7:56  SCV  
  87  8:02  Marauder  
  87  8:04  Marauder  
  91  8:07  Marine  
  91  8:08  Marine  
  91  8:12  SCV  
  94  8:14  Marine  
  94  8:15  Marine  
  94  8:22  SCV  
  94  8:24  Marauder  
  94  8:25  Medivac, Marauder, Marine, Siege Tank  
  94  8:26  Medivac, Marine  
  105  8:27  SCV  
  105  8:32  Marine x2  
  105  8:40  SCV  
  103  8:43  Marine  
  103  8:45  Marauder  
  101  8:52  Command Center  
  101  8:55  Marauder, Marine  
  99  8:57  SCV  
  99  9:01  Marine  
  104  9:02  Medivac  
  104  9:06  Barracks Reactor, Marine  
  106  9:13  Barracks Tech Lab, Marine  
  110  9:22  Supply Depot  
  110  9:23  Supply Depot  
Show
View Real Time Build Order
Export as new Build Order

NightPhoenix Protoss 

Build Orders: 1 Gate Expand, Phoenix Opening 

Get SALT Encoding   

  12  0:00  Probe  
  13  0:12  Probe  
  14  0:17  Pylon  
  14  0:24  Probe (Chrono Boost)  
  16  0:36  Gateway, Probe (Chrono Boost)  
  16  0:43  Probe (Chrono Boost)  
  16  0:45  Assimilator  
  17  0:51  Probe  
  18  1:03  Probe  
  19  1:15  Probe  
  20  1:21  Nexus  
  20  1:33  Cybernetics Core  
  20  1:36  Probe  
  21  1:45  Assimilator  
  21  1:48  Probe  
  21  1:52  Pylon  
  22  2:01  Probe  
  23  2:07  Adept (Chrono Boost)  
  23  2:14  Stargate  
  25  2:17  Probe  
  26  2:27  Warp Gate  
  26  2:28  Adept (Chrono Boost)  
  26  2:29  Probe  
  27  2:34  Probe (Chrono Boost)  
  31  2:46  Probe x2 (Chrono Boost)  
  31  2:50  Adept  
  32  2:55  Probe (Chrono Boost)  
  32  2:56  Probe (Chrono Boost)  
  32  2:58  Phoenix  
  38  3:04  Pylon  
  38  3:05  Probe  
  38  3:06  Probe  
  38  3:20  Probe x2  
  38  3:26  Phoenix  
  42  3:30  Assimilator  
  42  3:32  Robotics Facility, Probe (Chrono Boost)  
  42  3:33  Probe (Chrono Boost)  
  44  3:44  Probe (Chrono Boost)  
  44  3:45  Probe (Chrono Boost)  
  46  3:52  Probe x2 (Chrono Boost)  
  48  3:58  Probe  
  48  3:59  Probe  
  50  4:05  Gateway  
  50  4:06  Gateway  
  50  4:11  Probe x2  
  50  4:15  Stalker  
  54  4:18  Pylon  
  54  4:22  Pylon  
  54  4:33  Immortal (Chrono Boost)  
  54  4:35  Assimilator  
  54  4:36  Probe x2  
  54  4:38  Gateway  
  60  4:43  Stalker  
  62  4:48  Probe x2  
  62  4:50  Pylon  
  62  5:00  Probe x2, Stalker x2  
  68  5:09  Stalker  
  68  5:10  Pylon  
  68  5:12  Pylon x2  
  68  5:14  Pylon  
  68  5:24  Stalker  
  68  5:25  Warp Prism (Chrono Boost)  
  72  5:32  Stalker  
  72  5:33  Stalker  
  72  5:52  Stalker x2  
  72  5:56  Stalker x2  
  80  6:00  Immortal  
  68  6:22  Probe  
  68  6:23  Probe  
  68  6:35  Stalker x4  
  72  6:43  Immortal (Chrono Boost)  
  72  6:46  Probe  
  71  6:48  Probe  
  64  6:56  Twilight Council  
  64  6:58  Probe  
  64  6:59  Nexus, Pylon  
  64  7:00  Stalker x2  
  64  7:01  Stalker x2  
  73  7:05  Probe  
  74  7:11  Probe  
  74  7:14  Warp Prism  
  77  7:17  Probe  
  78  7:23  Probe  
  78  7:24  Sentry, Stalker  
  78  7:25  Sentry x2  
  71  7:49  Stalker x4  
  71  7:50  Immortal  
  79  7:58  Blink (Chrono Boost)  
  74  8:13  Stalker x4  
  67  8:20  Probe  
  59  8:37  Stalker x4  
  67  8:42  Probe  
  67  8:43  Probe  
  59  8:57  Warp Prism (Chrono Boost)  
  59  8:59  Probe  
  59  9:01  Nexus  
  62  9:04  Pylon  
  62  9:09  Stalker  
  64  9:12  Stalker  
  66  9:20  Stalker  
  66  9:21  Stalker  
Tags
 
Add a new tag
Caveats
  • Supply blocks, unpowered buildings, or Contaminate may cause inaccurate times.
  • Supply counts are checked every 10 seconds.